 Dungeon Crawl Stone Soup version 0.28-a0-224-g76b539d98b (webtiles) character file.

Game seed: 506275615189496718

1820 Manisian the Cutter (level 8, -4/55 (60) HPs)
             Began as a Demonspawn Artificer on Aug 22, 2021.
             Was a Believer of Fedhas.
             Slain by a killer bee (5 damage)
             ... on level 8 of the Dungeon.
             The game lasted 00:11:41 (8087 turns).

Manisian the Cutter (Demonspawn Artificer)          Turns: 8087, Time: 00:11:42

HP:   -4/55 (60)    AC: 15    Str: 15    XL:     8   Next: 85%
MP:   8/8           EV:  5    Int: 12    God:    Fedhas [**....]
Gold: 270           SH:  9    Dex: 14    Spells: 7/7 levels left

rFire   . . .      SeeInvis .   B - +2 great sword
rCold   . . .      Faith    .   (shield currently unavailable)
rNeg    . . .      Spirit   .   l - +3 plate armour
rPois   .          Reflect  +   (helmet restricted)
rElec   .          Harm     .   (no cloak)
rCorr   .          Rampage  .   (no gloves)
Will    .....                   (no boots)
Stlth   ..........              y - amulet of reflection
HPRegen 0.18/turn               (no ring)
MPRegen 0.11/turn               (no ring)

@: lethally poisoned (-4 -> -22), drained
A: antennae 2, condensation shield
a: Renounce Religion, Wall of Briars


You were on level 8 of the Dungeon.
You worshipped Fedhas.
Fedhas was pleased with you.
You visited 2 branches of the dungeon, and saw 9 of its levels.

You collected 270 gold pieces.

Inventory:

Hand Weapons
 a - a +0 club
 f - a +3 rapier of speed
 i - a +0 short sword
 o - the +8 dagger "Goinn" {vorpal, Dex+7}
   (You found it on level 4 of the Dungeon)

   It inflicts extra damage upon your enemies.
   Dex:       It affects your dexterity (+7).
 v - a +0 spear
 B - a +2 great sword (weapon)
 C - a +4 morningstar
Missiles
 A - 14 poisoned darts
Armour
 b - a +0 leather armour
 l - a +3 plate armour (worn)
Jewellery
 m - an amulet of magic regeneration
 x - a ring of fire
 y - an amulet of reflection (around neck)
Wands
 c - a wand of flame (18) (quivered)
 d - a wand of charming (15)
 s - a wand of digging (1)
 u - a wand of acid (10)
Scrolls
 D - a scroll of identify
Potions
 g - a potion of magic
 h - 2 potions of brilliance {unknown}
 j - 2 potions of invisibility
 k - a potion of mutation {unknown}
 n - 4 potions of curing {unknown}
 p - 2 potions of lignification {unknown}
 q - a potion of haste
 r - 2 potions of heal wounds
 t - 2 potions of flight {unknown}
 w - a potion of cancellation {unknown}
Miscellaneous
 e - a piece from Xom's chessboard (15/15)


   Skills:
 + Level 4.3 Fighting
 + Level 5.5(5.6) Short Blades
 + Level 1.3(3.7) Long Blades
 + Level 1.2 Maces & Flails
 + Level 0.1 Throwing
 + Level 5.5 Armour
 + Level 1.6 Dodging
 + Level 1.8 Stealth
 + Level 2.9 Shields
 + Level 4.7 Evocations


You had 7 spell levels left.
You didn't know any spells.
Your spell library contained the following spells:

 Spells                   Type           Power      Damage    Failure   Level
 Blink                    Tloc           N/A        N/A       100%        2
 Lesser Beckoning         Tloc           0%         N/A       100%        3
 Summon Ice Beast         Ice/Summ       0%         N/A       100%        4
 Manifold Assault         Tloc           0%         N/A       100%        5
 Summon Mana Viper        Hex/Summ       0%         N/A       100%        5
 Monstrous Menagerie      Summ           0%         N/A       100%        7


Dungeon Overview and Level Annotations

Branches:
Dungeon (9/15)             Temple (1/1) D:4
   Lair: D:8-11         Orc: D:9-12

Altars:
Ashenzari
Dithmenos
Fedhas
Kikubaaqudgha
Makhleb
Nemelex Xobeh
Qazlal
Ru
Trog
Uskayaw
Wu Jian
Xom
The Shining One
Lugonu

Shops:
D:5 :


Innate Abilities, Weirdness & Mutations

You have a pair of antennae on your head.
A meltable shield of frost defends you. (SH +4)


Message History

You are lethally poisoned!
The killer bee poisons you!
The killer bee stings you but does no damage. x3
You block the killer bee's attack.
Aiming: Throw Flame
Press: ? - help, Q - select action, (/) - cycle Shift-Dir - straight line, f/p - killer bee
Aim: a killer bee (severely wounded, 48% to hit)
The puff of flame misses the killer bee.
You feel very sick. The killer bee stings you.
* * * LOW HITPOINT WARNING * * *
You are more poisoned.
The killer bee poisons you!
The killer bee stings you but does no damage.
You block the killer bee's attack.
The killer bee stings you but does no damage. x2
You block the killer bee's attack.
Unknown command.
Aiming: Throw Flame
Press: ? - help, Q - select action, (/) - cycle Shift-Dir - straight line, f/p - killer bee
Aim: a killer bee (severely wounded, 48% to hit)
The puff of flame misses the killer bee.
* * * LOW HITPOINT WARNING * * *
You feel extremely sick.
The killer bee stings you but does no damage. x2
The killer bee stings you.
* * * LOW HITPOINT WARNING * * *
The killer bee stings you but does no damage. x2
The killer bee barely misses you.
Aiming: Throw Flame
Press: ? - help, Q - select action, (/) - cycle Shift-Dir - straight line, f/p - killer bee
Aim: a killer bee (severely wounded, 48% to hit)
The puff of flame hits the killer bee!
You kill the killer bee!
Fedhas appreciates your contribution to the ecosystem.
* * * LOW HITPOINT WARNING * * *
You feel very sick. The killer bee closely misses you.
The killer bee stings you.
You die...
Fedhas appreciates your contribution to the ecosystem.

#.. #..##..... #.# #......
#.# #.)))# ###.# #.).#
#...# ##.## #...##
##...###
##...###......###.
##..#.....†.y.....#
###..#####..†@y.....##
#...## #...........###
##..# ##......##.....#
##.# ##.......##.....#
#.####........#.....#
###............#.....##
#..#..###.............##
#...####...............###
#..## ##.......>.........#


You could see 2 killer bees.

Vanquished Creatures
  A water moccasin (D:3)
  An orc warrior (D:6)
  A black bear (D:5)
  2 ogres (D:4)
  A necrophage (D:5)
  A kobold brigand (D:8)
  A phantom (D:4)
  A gnoll sergeant (D:5)
  A scorpion (D:5)
  A wyvern skeleton (D:5)
  A water moccasin zombie (D:5)
  3 killer bees (D:8)
  3 wights (D:8)
  A jelly (D:6)
  Crazy Yiuf (D:3)
  A hound (D:4)
  2 bullfrog skeletons
  5 orc priests
  A gnoll shaman (D:5)
  Jessica (D:2)
  An iguana (D:5)
  3 orc wizards
  11 gnolls
  6 adders
  17 orcs
  4 ball pythons
  6 endoplasms
  2 giant cockroaches
  13 goblins
  7 hobgoblins
  2 jackals (D:3)
  2 quokkas
  A bat (D:2)
  2 frilled lizards (D:2)
  7 kobolds
  3 rats
117 creatures vanquished.

Vanquished Creatures (others)
  2 fungi (D:3)
2 creatures vanquished.

Grand Total: 119 creatures vanquished

Notes
Turn   | Place    | Note
-------+----------+-------------------------------------------
     0 | D:1      | Manisian the Demonspawn Artificer began the quest for the
                  | Orb.
     0 | D:1      | Reached XP level 1. HP: 15/15 MP: 1/1
     3 | D:1      | Noticed a merfolk zombie
    10 | D:1      | Noticed a minotaur zombie
   752 | D:1      | Gained mutation: A meltable shield of frost defends you.
                  | (SH +4) [demonic ancestry]
   752 | D:1      | Reached XP level 2. HP: 16/21 MP: 2/2
  1392 | D:1      | Identified a scroll of acquirement
  1392 | D:1      | Acquired a +0 rapier of speed
  1616 | D:2      | Noticed Jessica
  1622 | D:2      | Killed Jessica
  1623 | D:2      | Reached skill level 1 in Dodging
  1623 | D:2      | Reached XP level 3. HP: 26/26 MP: 3/3
  2227 | D:3      | Found a sacrificial altar of Ru.
  2369 | D:3      | Noticed a water moccasin
  2383 | D:3      | Killed a water moccasin
  2384 | D:3      | Reached skill level 1 in Short Blades
  2384 | D:3      | Reached skill level 1 in Maces & Flails
  2384 | D:3      | Reached skill level 1 in Stealth
  2384 | D:3      | Reached skill level 1 in Shields
  2384 | D:3      | Reached XP level 4. HP: 6/33 MP: 4/4
  2384 | D:3      | Reached XP level 5. HP: 7/38 MP: 5/5
  2976 | D:3      | Found a runed translucent door.
  3268 | D:3      | Noticed Crazy Yiuf
  3413 | D:3      | Killed Crazy Yiuf
  3689 | D:4      | Noticed an ogre
  3698 | D:4      | Killed an ogre
  3699 | D:4      | Reached XP level 6. HP: 27/44 MP: 6/6
  4146 | D:4      | Found a staircase to the Ecumenical Temple.
  4163 | Temple   | Entered the Ecumenical Temple
  4206 | Temple   | Became a worshipper of Fedhas Madash
  4233 | D:4      | Found a shadowy altar of Dithmenos.
  4417 | D:4      | Gained mutation: You have a pair of small antennae on your
                  | head. [demonic ancestry]
  4417 | D:4      | Reached XP level 7. HP: 45/50 MP: 7/7
  4717 | D:4      | Found a burning altar of Makhleb.
  5348 | D:4      | Identified the +8 dagger "Goinn" {vorpal, Dex+7}
  5455 | D:5      | Entered Level 5 of the Dungeon
  5481 | D:5      | Reached * piety under Fedhas
  5841 | D:5      | HP: 1/52 [gnoll sergeant (4)]
  6265 | D:5      | Found Perghagh's Book Shoppe.
  6720 | D:6      | Found a shimmering altar of Xom.
  6751 | D:5      | Gained mutation: You have a pair of antennae on your head.
                  | [demonic ancestry]
  6751 | D:5      | Reached XP level 8. HP: 44/57 MP: 8/8
  6934 | D:6      | Reached skill level 5 in Armour
  7089 | D:6      | Reached skill level 5 in Short Blades
  7352 | D:6      | You fall into a shaft and drop 3 floors!
  7640 | D:8      | Reached ** piety under Fedhas
  8082 | D:8      | Reached skill level 1 in Long Blades
  8087 | D:8      | HP: 1/55 [poisoned by a killer bee]
  8087 | D:8      | Slain by a killer bee

Illustrated notes

Levels and vault maps discovered:
D:1:      shiori_arrival_whats_in_store_for_you, layout_basic,
          hangedman_feature_mirror
D:2:      layout_loops_ring, kennysheep_jessica_study
D:3:      layout_basic, mainiacjoe_overflow_brackets, uniq_crazy_yiuf_cottage
D:4:      layout_rooms, amcnicky_altar_gilded, mainiacjoe_overflow_catwalk,
          temple_fountains, minivault_19, minmay_ogre_servants
D:5:      layout_loops_ring, serial_shops, nicolae_lakefront_shop
D:6:      layout_loops_corners, grunt_temple_overflow_open,
          kennysheep_generic_room_2, uniq_pikel
D:8:      layout_layer_cave, chequers_temple_overflow_statue_of_worship,
          dpeg_lair_monsters, special_room [special_room_orc]
D:9:      layout_roguey, zombieorc1_lemuel, serial_rivers,
          chequers_serial_rivers_large_b, chequers_serial_rivers_small_b,
          chequers_serial_rivers_small_b, chequers_serial_rivers_small_a,
          chequers_serial_rivers_room_b, chequers_serial_rivers_small_a,
          minmay_misc_feat_hallway, kennysheep_nub
Temple:   corrupted_temple

Skill      XL: |  1  2  3  4  5  6  7  8 |
---------------+-------------------------+-----
Armour         | 2 3 4 5 |  5.5
Dodging        | 1 |  1.6
Short Blades   | 1 2 3 4 5 |  5.5
Maces & Flails | 1 |  1.2
Stealth        | 1 |  1.8
Shields        | 1 2 |  2.9
Fighting       | 2 3 4 |  4.3
Evocations     | 4 |  4.7
Long Blades    | 1 |  1.3
Throwing       | |  0.1

Action                   |  1- 3 |  4- 6 |  7- 9 || total
-------------------------+-------+-------+-------++-------
Melee: Club              |    47 |       |       ||    47
       Rapier            |    58 |   122 |   245 ||   425
       Great sword       |       |       |    37 ||    37
Throw: Throwing net      |       |       |     4 ||     4
Evoke: Wand              |     3 |    15 |    30 ||    48
  Use: Scroll            |     6 |     2 |     7 ||    15
       Potion            |       |       |     2 ||     2
 Stab: Held in net/web   |       |       |     5 ||     5
Armor: Leather armour    |    12 |       |       ||    12
       Plate armour      |    33 |    64 |   239 ||   336
Dodge: Dodged            |    48 |    11 |    55 ||   114
Block: Other             |    14 |    15 |   120 ||   149
       Rpst.: Great sword |       |       |     6 ||     6

Table legend: (Time is in decaauts)
 A = Elapsed time spent in this place.
 B = Non-inter-level travel time spent in this place.
 C = Inter-level travel time spent in this place.
 D = Time resting spent in this place.
 E = Time spent auto-exploring this place.
 F = Levels seen in this place.
 G = Mean time per level.
                   A        B        C        D        E       F      G
               +--------+--------+--------+--------+--------+-----+--------+
         Total |   7965 |   7781 |    184 |   2898 |   3367 |   9 |  885.0 |
       Dungeon |   7903 |   7746 |    157 |   2898 |   3342 |   8 |  987.9 |
        Temple |     61 |     34 |     27 |      0 |     25 |   1 |   61.0 |
               +--------+--------+--------+--------+--------+-----+--------+

Top non-repeatable levels by time:
     D:4: 1656 daAuts
     D:5: 1509 daAuts
     D:1: 1451 daAuts
     D:3: 1430 daAuts
     D:2: 769 daAuts
     D:8: 736 daAuts
     D:6: 343 daAuts
  Temple: 61 daAuts
     D:9: 6 daAuts
